 Dungeon Crawl Stone Soup version 0.21-a0-210-gbfa5647 (webtiles) character file.

71 Gorglomux the Skirmisher (level 4, 0/40 HPs)
             Began as a Hill Orc Abyssal Knight on Aug 21, 2017.
             Was a Follower of Lugonu.
             Slain by a hobgoblin
             ... wielding a +0 club
              (1 damage)
             ... on level 1 of the Dungeon.
             The game lasted 00:02:30 (1479 turns).

Gorglomux the Skirmisher (Hill Orc Abyssal Knight)  Turns: 1479, Time: 00:02:31

Health: 0/40       AC:  3    Str: 15    XL:     4   Next: 24%
Magic:  6/6        EV: 16    Int: 12    God:    Lugonu [*.....]
Gold:   86         SH:  0    Dex: 15    Spells: 3/3 levels left

rFire    . . .     SeeInvis .   a - +1 hand axe
rCold    . . .     Gourm    .   (no shield)
rNeg     . . .     Faith    .   b - +0 leather armour
rPois    .         Spirit   .   (no helmet)
rElec    .         Reflect  .   (no cloak)
rCorr    .         Harm     .   (no gloves)
MR       .....                  (no boots)
Stlth    ++........             (no amulet)
HPRegen  0.13/turn              (no ring)
MPRegen  0.10/turn              (no ring)

@: agile, invisible
A: no striking features
a: Depart the Abyss, Renounce Religion


You were on level 1 of the Dungeon.
You worshipped Lugonu.
Lugonu was aware of your devotion.
You were not hungry.

You visited 1 branch of the dungeon, and saw 2 of its levels.
You visited the Abyss 1 time.

You collected 86 gold pieces.

Inventory:

Hand Weapons
 a - a +1 hand axe (weapon)
Armour
 b - a +0 leather armour (worn)
 e - a +0 chain mail
Scrolls
 C - a scroll of amnesia {unknown}
Potions
 d - a potion of brilliance
 E - a potion of ambrosia {unknown}
 G - a potion of curing {unknown}
Comestibles
 c - a bread ration
 z - 2 meat rations
 F - a royal jelly
 H - 2 chunks of flesh


   Skills:
 + Level 4.2 Fighting
 + Level 3.6 Axes
 + Level 3.1 Armour
 - Level 0.7 Dodging
 + Level 3.4 Invocations


You had 3 spell levels left.
You didn't know any spells.

Dungeon Overview and Level Annotations

Branches:
Dungeon (2/15)

Altars:


Message History

Unknown command!
Unknown command!
Unknown command!
The quokka closely misses you!
The quokka bites you! * * * don't die * * * * * * don't die
* * * You feel sick!
The quokka barely misses you!
There is a stone staircase leading down here!
There is a stone staircase leading down butt!
It was a potion of agility!
You feel agile all of a sudden! The quokka barely misses you!
The hobgoblin misses you! The quokka barely misses you!
It was a potion of invisibility!
You fade into invisibility!!! * * * don't die
* * * You feel sick!
You are no longer poisoned!
The quokka barely misses butt!
The hobgoblin hits you with a club! rip

#.#+#########
#............
##...........
###...........
#########...[###.(....
#.....)......'...#####
##'###'##.....###.#
#...#...##....#...#
#...#.@.##....#...#
#...#gr.##....#...#
#.<.#.>.##.[..#...#
#...#...#######...#
#...#.>.##...##...#####
#...#...##.............
##+###+###........#####
#.##..###........#
#..(.............#


You could see a quokka and a hobgoblin.

Vanquished Creatures
  2 adders
  A gnoll (D:1)
  3 dart slugs (D:1)
  A leopard gecko (D:1)
  A ball python (D:1)
  2 giant cockroaches (D:1)
  5 goblins (D:1)
  A hobgoblin (D:1)
  4 jackals (D:1)
  2 kobolds (D:1)
  2 quokkas (D:2)
  4 bats (D:1)
  A frilled lizard (D:2)
  9 rats
38 creatures vanquished.

Notes
Turn   | Place    | Note
-------+----------+-------------------------------------------
     0 | Abyss:1  | Gorglomux the Hill Orc Abyssal Knight began the quest for the Orb.
     0 | Abyss:1  | Reached XP level 1. HP: 19/19 MP: 2/2
    30 | Abyss:1  | Noticed a small abomination
    62 | Abyss:1  | Noticed a flying skull
    64 | D:1      | Escaped the Abyss
    86 | D:1      | Reached skill level 3 in Axes
    98 | D:1      | Reached * piety under Lugonu
    99 | D:1      | Reached XP level 2. HP: 9/27 MP: 3/3
   661 | D:1      | Reached skill level 3 in Invocations
   708 | D:1      | Reached XP level 3. HP: 23/33 MP: 5/5
   711 | D:1      | Reached skill level 4 in Fighting
  1150 | D:1      | Reached skill level 3 in Armour
  1153 | D:1      | Reached XP level 4. HP: 11/40 MP: 6/6
  1474 | D:1      | HP: 2/40 [quokka (5)]
  1479 | D:1      | HP: 1/40 [poisoned by an adder]
  1479 | D:1      | Slain by a hobgoblin

Vault maps used:
D:1:      minmay_arrival_up_and_down, eino_curves_02
D:2:      tgw_kikubaaqudgha

Skill      XL: |  1  2  3 |
---------------+----------+-----
Axes           | 3 |  3.6
Invocations    | 3 |  3.4
Fighting       | 4 |  4.2
Armour         | 3 |  3.1
Dodging        | |  0.7

Action                   |  1- 3 |  4- 6 || total
-------------------------+-------+-------++-------
Melee: Hand axe          |   115 |    23 ||   138
Invok: Depart the Abyss  |     1 |       ||     1
  Use: Potion            |     1 |     2 ||     3
 Stab: Sleeping          |     1 |       ||     1
  Eat: Chunk             |     1 |     1 ||     2
Armor: Leather armour    |    29 |     4 ||    33
Dodge: Dodged            |    86 |    18 ||   104

Table legend:
 A = Spawn XP
 B = Non-spawn XP
 C = Spawn XP percentage of total XP
 D = Spawn monster count
 E = Non-spawn monster count
 F = Spawn count percentage of total count
 G = Total turns spent on level
                    A         B        C        D         E        F      G
               +---------+---------+-------+---------+---------+-------+---------
         Total |      20 |      82 |  19.6 |       3 |      35 |   7.9 |  1479
               +---------+---------+-------+---------+---------+-------+---------
           D:1 |      20 |      63 |  24.1 |       3 |      30 |   9.1 |  1314
           D:2 |       0 |      19 |   0.0 |       0 |       5 |   0.0 |   101
               +---------+---------+-------+---------+---------+-------+---------
